 Dungeon Crawl Stone Soup version 0.26-a0-739-gf55cbd344a (webtiles) character file.

Game seed: 6803109855377057486

317 mandarbmax the Cutter (level 6, 0/32 HPs)
             Began as a Vine Stalker Fighter on Nov 5, 2020.
             Slain by a worker ant (3 damage)
             ... on level 4 of the Dungeon.
             The game lasted 00:05:31 (2248 turns).

mandarbmax the Cutter (Vine Stalker Fighter)        Turns: 2248, Time: 00:05:32

Health: 0/32       AC:  8    Str: 18    XL:     6   Next: 45%
Magic:  0/7        EV:  8    Int:  8    God:
Gold:   242        SH:  9    Dex: 16    Spells: 5/5 levels left

rFire    . . .     SeeInvis .   a - +0 rapier
rCold    + . .     Faith    .   c - +0 kite shield
rNeg     . . .     Spirit   +   k - +2 ring mail {rC+}
rPois    .         Reflect  .   (no helmet)
rElec    .         Harm     .   (no cloak)
rCorr    .         Rampage  .   (no gloves)
MR       .....                  b - +0 pair of boots
Stlth    ++........             (no amulet)
HPRegen  0.50/turn              j - ring of stealth
MPRegen  0.10/turn              (no ring)

@: mighty, lethally poisoned (0 -> -19)
A: fangs 2, regeneration 1, magic shield, antimagic bite, no potion heal 3, rot
immunity
a: no special abilities


You were on level 4 of the Dungeon.
You visited 1 branch of the dungeon, and saw 4 of its levels.

You collected 242 gold pieces.

Inventory:

Hand Weapons
 a - a +0 rapier (weapon)
Missiles
 q - 3 curare-tipped darts (quivered)
Armour
 b - a +0 pair of boots (worn)
 c - a +0 kite shield (worn)
 i - a +0 plate armour
 k - a +2 ring mail of cold resistance (worn)
Jewellery
 j - a ring of stealth (left hand)
Scrolls
 e - 2 scrolls of remove curse {unknown}
 f - 3 scrolls of teleportation {unknown}
 h - 2 scrolls of identify {unknown}
 m - 2 scrolls of enchant armour {unknown}
 o - a scroll of blinking {unknown}
 p - a scroll of amnesia {unknown}
Potions
 d - 2 potions of curing {unknown}
 g - a potion of brilliance {unknown}
 l - a potion of magic {unknown}
 n - a potion of lignification {unknown}
 s - a potion of attraction {unknown}
 t - a potion of haste {unknown}
 u - a potion of invisibility {unknown}


   Skills:
 - Level 3.0 Fighting
 + Level 5.4 Short Blades
 - Level 3.0 Armour
 - Level 3.0 Shields


You had 5 spell levels left.
You didn't know any spells.
Your spell library contained the following spells:

 Spells                   Type           Power        Failure   Level
 Animate Skeleton         Necr           #.....       98%         1
 Apportation              Tloc           #.....       98%         1
 Corona                   Hex            #......      98%         1
 Summon Small Mammal      Summ           #...         98%         1
 Confusing Touch          Hex            #.......     100%        3
 Gell's Gravitas          Tloc           #.........   100%        3
 Petrify                  Tmut/Erth      #.......     100%        4
 Metabolic Englaciation   Hex/Ice        #.........   100%        5
 Yara's Violent Unravell  Hex/Tmut       #.........   100%        5


Dungeon Overview and Level Annotations

Branches:
Dungeon (4/15)
 Temple: D:4-7

Altars:
Ashenzari
Dithmenos
Okawaru
Wu Jian
Xom


Innate Abilities, Weirdness & Mutations

You have extremely sharp teeth.
Your natural rate of healing is unusually fast.
When hurt, damage is shared between your health and your magic reserves.
Your bite disrupts and absorbs the magic of your enemies.
Potions cannot restore your health.
You are immune to rotting.


Message History

The scorpion is almost dead.
You feel sick. You block the worker ant's attack. The scorpion stings you.
You are more poisoned.
The scorpion poisons you!
You closely miss the scorpion.
The scorpion is almost dead.
You feel sick. The worker ant bites you.
Okay, then.
You feel very mighty all of a sudden.
You feel sick. The worker ant closely misses you.
The scorpion barely misses you. The worker ant bites you.
* * * LOW HITPOINT WARNING * * *
You barely miss the scorpion.
The scorpion is almost dead.
* * * LOW HITPOINT WARNING * * *
You feel sick. The scorpion stings you!
* * * LOW HITPOINT WARNING * * *
You are more poisoned.
The scorpion poisons you! The worker ant bites you.
You die...

+...........+ #...........#
#...........# #...........#
#...........# ####...........#
.(............s####
#.###.........@B...#
#............###..(...
..####.####.# .....
##.....##.#####....
#.......#.....# ...
#.......#.....# ..
......_..(......# . ..
#.#.......#.....# ..
#.#.......#.....######+####...


You could see a scorpion and a worker ant.

Vanquished Creatures
  An ogre (D:4)
  An orc priest (D:4)
  A worker ant (D:2)
  5 adders
  2 ufetubi
  An ooze (D:1)
  3 worms
  4 dart slugs (D:2)
  2 leopard geckos
  5 orcs
  2 ball pythons
  10 bats
  A bat zombie (D:2)
  7 giant cockroaches
  15 goblins
  9 hobgoblins
  2 jackals (D:1)
  10 kobolds
  7 frilled lizards
  9 rats
97 creatures vanquished.

Notes
Turn   | Place    | Note
-------+----------+-------------------------------------------
     0 | D:1      | mandarbmax the Vine Stalker Fighter began the quest for the
                  | Orb.
     0 | D:1      | Reached XP level 1. HP: 11/11 MP: 2/2
    37 | D:1      | Reached XP level 2. HP: 6/16 MP: 0/3
    38 | D:1      | Reached skill level 2 in Short Blades
   401 | D:1      | Reached XP level 3. HP: 19/20 MP: 4/4
   714 | D:2      | Found a transporter.
   756 | D:2      | Gained mutation: Your natural rate of healing is unusually
                  | fast. [Vine Stalker growth]
   756 | D:2      | Reached XP level 4. HP: 24/24 MP: 5/5
   842 | D:2      | Found a shadowy altar of Dithmenos.
   897 | D:2      | Found a transporter.
   910 | D:2      | Found an ornate altar of the Wu Jian Council.
   910 | D:2      | Found a broken altar of Ashenzari.
   910 | D:2      | Found an iron altar of Okawaru.
   913 | D:2      | Reached skill level 3 in Short Blades
  1057 | D:2      | Reached XP level 5. HP: 17/28 MP: 4/6
  1406 | D:2      | Reached skill level 4 in Short Blades
  2170 | D:4      | Reached XP level 6. HP: 18/32 MP: 4/7
  2215 | D:4      | Found a shimmering altar of Xom.
  2238 | D:4      | Reached skill level 5 in Short Blades
  2248 | D:4      | Slain by a worker ant

Illustrated notes

Levels and vault maps discovered:
D:1:      saegor_arrival_miasma, layout_rooms
D:2:      layout_basic, gammafunk_temple_overflow_arena,
          lemuel_coloured_pillars_altar, minmay_quantized
D:3:      layout_basic, minmay_misc_feat_secret_circle
D:4:      layout_basic, old_standard_altar, gammafunk_ghost_smash

Skill      XL: |  1  2  3  4  5  6 |
---------------+-------------------+-----
Short Blades   | 2 3 4 5 |  5.4
Shields        | 3 |  3.0
Fighting       | 3 |  3.0
Armour         | 3 |  3.0

Action                   |  1- 3 |  4- 6 || total
-------------------------+-------+-------++-------
Melee: Rapier            |    80 |   134 ||   214
       Bite              |    23 |    29 ||    52
Throw: Dart              |       |     1 ||     1
  Use: Potion            |       |     2 ||     2
 Stab: Sleeping          |       |     6 ||     6
       Distracted        |       |     2 ||     2
Armor: Scale mail        |    24 |       ||    24
       Plate armour      |    16 |       ||    16
       Ring mail         |       |    50 ||    50
Dodge: Dodged            |    21 |    39 ||    60
Block: Kite shield       |    56 |    47 ||   103

Table legend: (Time is in decaauts)
 A = Elapsed time spent in this place.
 B = Non-inter-level travel time spent in this place.
 C = Inter-level travel time spent in this place.
 D = Time resting spent in this place.
 E = Time spent auto-exploring this place.
 F = Levels seen in this place.
 G = Mean time per level.
                   A        B        C        D        E       F      G
               +--------+--------+--------+--------+--------+-----+--------+
         Total |   2275 |   2224 |     51 |     27 |   1639 |   4 |  568.8 |
       Dungeon |   2275 |   2224 |     51 |     27 |   1639 |   4 |  568.8 |
               +--------+--------+--------+--------+--------+-----+--------+

Top non-repeatable levels by time:
     D:2: 804 daAuts
     D:3: 685 daAuts
     D:1: 670 daAuts
     D:4: 114 daAuts
